 Dungeon Crawl Stone Soup version 0.26.1-2-gb8aa6d0cf2 (webtiles) character file.

Game seed: 10058192138778844272

6852 hawla the Destroyer (level 10, 0/103 HPs)
             Began as a Red Draconian Conjurer on Feb 18, 2021.
             Was a High Priest of Vehumet.
             Slain by a sixfirhy (11 damage)
             ... summoned by a kobold demonologist
             ... on level 10 of the Dungeon.
             The game lasted 00:38:10 (14270 turns).

hawla the Destroyer (Red Draconian Conjurer)       Turns: 14270, Time: 00:38:12

Health: 0/103      AC: 25    Str: 17    XL:     10   Next: 78%
Magic:  7/20       EV:  2    Int: 21    God:    Vehumet [*****.]
Gold:   640        SH:  0    Dex:  9    Spells: 4/23 levels left

rFire    + . .     SeeInvis .   y - staff of fire
rCold    . . .     Faith    .   (no shield)
rNeg     + + +     Spirit   .   (armour unavailable)
rPois    +         Reflect  .   (helmet currently unavailable)
rElec    .         Harm     .   (cloak currently unavailable)
rCorr    +         Rampage  .   (gloves currently unavailable)
Will     .....     NoTele   +   (boots currently unavailable)
Stlth    ++........             h - amulet of regeneration
HPRegen  0.67/turn              j - ring of resist corrosion
MPRegen  0.17/turn              m - +6 ring of strength

@: tree-form, studying Bows
A: (breathe fire), unfitting armour, AC +7
a: Renounce Religion


You were on level 10 of the Dungeon.
You worshipped Vehumet.
Vehumet was extremely pleased with you.
You were a tree.
You visited 2 branches of the dungeon, and saw 11 of its levels.

You collected 640 gold pieces.

Inventory:

Hand Weapons
 e - the +11 hunting sling of Waxkiqax {freeze, rC+}
   (You found it on level 6 of the Dungeon)

   It causes projectiles fired from it to freeze those they strike, causing
   extra injury to most foes and up to half again as much damage against
   particularly susceptible opponents.
   They can also slow down cold-blooded creatures.
   It protects you from cold.
 k - the +0 war axe of the Hierophant {antimagic, rN+ Will+ SInv}
   (You found it on level 6 of the Dungeon)

   It reduces the magical energy of the wielder, and disrupts the spells and
   magical abilities of those hit.
   Natural abilities and divine invocations are not affected.
   It protects you from negative energy.
   It affects your willpower, your defense against some magical effects.
   It lets you see invisible.
Missiles
 o - a throwing net
 x - 16 boomerangs (quivered)
Armour
 g - a +1 pair of boots (melded)
 n - a +2 pair of gloves (melded)
 F - a +1 cloak (melded)
Magical Staves
 f - an uncursed staff of air
 y - an uncursed staff of fire (weapon)
Jewellery
 h - an amulet of regeneration (around neck)
 j - a ring of resist corrosion (left branch)
 m - a +6 ring of strength (right branch)
 D - an uncursed ring of protection from fire
 G - an uncursed ring of magical power
 J - an uncursed ring of fire
 K - an uncursed ring of positive energy {unknown}
Wands
 l - a wand of flame (38)
 p - a wand of disintegration (30)
 t - a wand of digging (9)
 I - a wand of polymorph (10)
 L - a wand of iceblast (4)
Scrolls
 b - a scroll of identify
 c - 6 scrolls of remove curse
 d - a scroll of amnesia
 q - 2 scrolls of magic mapping
 w - 2 scrolls of enchant weapon {unknown}
 C - a scroll of fear
 H - a scroll of brand weapon {unknown}
Potions
 a - a potion of haste
 r - 2 potions of magic
 v - a potion of invisibility {unknown}
 A - a potion of flight
Books
 u - a manual of Bows


   Skills:
 - Level 6.0 Staves
 - Level 0.5 Throwing
 - Level 2.2 Dodging
 - Level 1.7 Stealth
 + Level 7.2 Spellcasting
 + Level 9.9 Conjurations
 - Level 5.8 Translocations
 + Level 8.5 Fire Magic
 - Level 1.3 Air Magic
 - Level 1.3 Poison Magic
 - Level 1.0 Evocations


You had 4 spell levels left.
You knew the following spells:

 Your Spells              Type           Power        Failure   Level
a - Magic Dart            Conj           100%         1%          1
b - Searing Ray           Conj           98%          1%          2
c - Iskenderun's Mystic   Conj/Tloc      40%          1%          4
d - Foxfire               Conj/Fire      100%         1%          1
e - Mephitic Cloud        Conj/Pois/Air  25%          1%          3
f - Fireball              Conj/Fire      31%          1%          5
g - Ignite Poison         Fire/Tmut/Pois 32%          1%          3

Your spell library contained the following spells:

 Spells                   Type           Power        Failure   Level
 Lee's Rapid Deconstruct  Erth           3%           50%         5
 Conjure Flame            Conj/Fire      62%          1%          3
 Dazzling Flash           Conj/Hex       56%          1%          3
 Inner Flame              Hex/Fire       38%          1%          3
 Sticky Flame             Conj/Fire      62%          1%          4
 Fulminant Prism          Conj/Hex       14%          3%          4
 Beastly Appendage        Tmut           14%          9%          1
 Wereblood                Tmut           7%           13%         2
 Spider Form              Tmut/Pois      5%           21%         3
 Ice Form                 Ice/Tmut       7%           65%         4
 Blade Hands              Tmut           3%           94%         5


Dungeon Overview and Level Annotations

Branches:
Dungeon (10/15)            Temple (1/1) D:5
   Lair: D:8-11         Orc: D:9-12

Altars:
Ashenzari
Cheibriados
Dithmenos
Fedhas
Gozag
Hepliaklqana
Kikubaaqudgha
Makhleb
Nemelex Xobeh
Okawaru
Qazlal
Ru
Sif Muna
Trog
Uskayaw
Vehumet
Wu Jian
Xom
Yredelemnul

Shops:
D:7 *

Annotations:
D:3 2 transporters, Eryximachus's ghost, amateur DrTm


Innate Abilities, Weirdness & Mutations

((You can breathe blasts of fire.))
((Your fiery red scales are hard. (AC +7)))
You cannot fit into any form of body armour.
((Your flesh is heat resistant. (rF+)))
((You are cold-blooded and may be slowed by cold attacks.))


Message History

Your +2 pair of gloves melds into your body.
Your +1 pair of boots melds into your body.
Your roots penetrate the ground.
The sixfirhy hits you but does no damage. x2
Your killer bee completely misses the sixfirhy.
The sixfirhy hits you but does no damage.
Your killer bee barely misses the sixfirhy.
The shadow imp hits your killer bee.
Your killer bee stings the sixfirhy.
The sixfirhy is poisoned.
Your killer bee poisons the sixfirhy!
The sixfirhy hits you but does no damage. x2
Your killer bee closely misses the sixfirhy.
Your killer bee barely misses the sixfirhy.
You feel better. The sixfirhy hits you.
* * * LOW HITPOINT WARNING * * *
The sixfirhy shocks you!
* * * LOW HITPOINT WARNING * * *
The sixfirhy hits you.
* * * LOW HITPOINT WARNING * * *
The sixfirhy shocks you!
You die...

##...## ##### ..#
###?....###...#
#.#
##...÷∩÷...##..#
#.#
.#....÷_÷....#..#
#.#
.'.K..÷÷÷....'..#
#.#
#..K†..).K..#..#
.. ##.#
#.))(...5...#..#
..>.#..#
##..KWy3y..##.5#
......<#
###.†♣3.###..K#
....o#.#
##'Zy##(#...#
.... ..#
.8.).8))#Z..# ...
...#
#.....).))#)..#
.. .o..#
.'.....Z(.)'...#
. ##.#.#
..#........)#(..#
...o# #
#.........#####
?...c.
#.........#
.......##


You could see a kobold demonologist, 2 sixfirhies, 2 big kobolds, a shadow imp,
a kobold zombie, a kobold, a friendly wraith (summoned), 3 friendly killer bees
and a friendly hornet zombie (summoned).

Vanquished Creatures
  Harold (D:8)
  A rust devil (D:7)
  Grinder (D:3)
  8 soldier ants (D:9)
  5 orc warriors
  An ice beast (D:6)
  2 black bears
  4 sky beasts
  6 ogres
  A phantom (D:7)
  5 centaurs
  6 big kobolds (D:10)
  A bullfrog (D:8)
  A gnoll sergeant (D:9)
  2 scorpions
  3 killer bees (D:7)
  2 howler monkeys (D:8)
  5 jellies
  3 hounds
  5 orc priests
  Crazy Yiuf (D:4)
  9 orc wizards
  3 centaur skeletons
  2 iguanas (D:5)
  29 worker ants
  A hound skeleton (D:8)
  A worker ant zombie (D:9)
  4 gnolls (D:9)
  14 adders
  A shadow imp (D:10)
  2 white imps (D:5)
  4 oozes
  2 adder zombies
  3 adder skeletons (D:5)
  6 worms
  4 dart slugs
  2 leopard geckos
  27 orcs
  8 bats
  10 giant cockroaches
  6 goblins
  5 hobgoblins
  7 jackals
  24 kobolds
  3 quokkas
  5 frilled lizards
  9 kobold skeletons (D:10)
  5 kobold zombies (D:10)
  A quokka skeleton (D:6)
  8 rats
269 creatures vanquished.

Vanquished Creatures (others)
  8 foxfires (D:7)
  2 fungi (D:4)
  18 plants (D:10)
28 creatures vanquished.

Grand Total: 297 creatures vanquished

Notes
Turn   | Place    | Note
-------+----------+-------------------------------------------
     0 | D:1      | hawla the Draconian Conjurer began the quest for the Orb.
     0 | D:1      | Reached XP level 1. HP: 14/14 MP: 3/3
   124 | D:1      | Reached XP level 2. HP: 20/20 MP: 3/5
   479 | D:1      | Learned a level 2 spell: Searing Ray
  1407 | D:2      | Reached XP level 3. HP: 4/26 MP: 0/6
  2726 | D:2      | Found a radiant altar of Vehumet.
  2801 | D:2      | Reached skill level 5 in Conjurations
  2809 | D:2      | Reached XP level 4. HP: 32/33 MP: 2/7
  2814 | D:2      | Learned a level 4 spell: Iskenderun's Mystic Blast
  3406 | D:3      | Noticed Grinder
  3465 | D:3      | Paralysed by Grinder for 2 turns
  3547 | D:2      | Became a worshipper of Vehumet
  3564 | D:3      | Paralysed by Grinder for 3 turns
  3608 | D:3      | Killed Grinder
  3609 | D:3      | Reached skill level 6 in Conjurations
  3609 | D:3      | Reached XP level 5. HP: 33/38 MP: 3/9
  3609 | D:3      | Reached XP level 6. HP: 39/45 MP: 3/10
  3700 | D:3      | Found a transporter.
  3700 | D:3      | Noticed Eryximachus's ghost (amateur DrTm)
  3794 | D:3      | Found a transporter.
  4461 | D:3      | Found a hazy altar of Hepliaklqana.
  4465 | D:3      | Found an ornate altar of the Wu Jian Council.
  4469 | D:3      | Found a bloodstained altar of Trog.
  4841 | D:4      | Your scales start taking on a fiery red colour.
  4841 | D:4      | Reached XP level 7. HP: 18/50 MP: 1/11
  4841 | D:4      | Gained mutation: Your flesh is heat resistant. (rF+) [Red
                  | Draconian growth]
  5477 | D:4      | Reached * piety under Vehumet
  5477 | D:4      | Offered knowledge of Sandblast by Vehumet.
  5478 | D:4      | Reached skill level 1 in Fire Magic
  5799 | D:4      | Found a runed translucent door.
  5800 | D:4      | Noticed Crazy Yiuf
  5808 | D:4      | Killed Crazy Yiuf
  5921 | D:5      | Entered Level 5 of the Dungeon
  6132 | D:5      | Reached skill level 1 in Staves
  6132 | D:5      | Reached skill level 7 in Conjurations
  6132 | D:5      | Reached skill level 5 in Translocations
  6459 | D:5      | Reached XP level 8. HP: 51/57 MP: 10/13
  6652 | D:5      | Found a sacrificial altar of Ru.
  6954 | D:5      | Found a staircase to the Ecumenical Temple.
  7026 | Temple   | Entered the Ecumenical Temple
  7396 | D:5      | Reached skill level 1 in Evocations
  7626 | D:5      | Reached ** piety under Vehumet
  7656 | D:6      | Offered knowledge of Foxfire by Vehumet.
  7662 | D:6      | Learned a level 1 spell: Foxfire
  9284 | D:6      | Got a fine hunting sling
  9285 | D:6      | Identified the +11 hunting sling of Waxkiqax {freeze, rC+}
                  | (You found it on level 6 of the Dungeon)
  9343 | D:7      | Reached XP level 9. HP: 49/62 MP: 0/16
  9460 | D:7      | Found Gozag's Platinum Reserve.
  9460 | D:7      | Found an opulent altar of Gozag.
  9635 | D:7      | Offered knowledge of Mephitic Cloud by Vehumet.
  9645 | D:7      | Reached skill level 5 in Spellcasting
  9645 | D:7      | Reached skill level 8 in Conjurations
  9645 | D:7      | Reached skill level 5 in Fire Magic
  9649 | D:7      | Learned a level 3 spell: Mephitic Cloud
 10026 | D:7      | Reached skill level 1 in Air Magic
 10067 | D:7      | Reached skill level 1 in Poison Magic
 10253 | D:7      | Learned a level 5 spell: Fireball
 10259 | D:7      | Found a blossoming altar of Fedhas.
 10261 | D:7      | Reached *** piety under Vehumet
 10772 | D:6      | Noticed a rust devil
 10772 | D:6      | Noticed a rust devil
 11251 | D:6      | Got a translucent war axe
 11252 | D:6      | Identified the cursed +0 war axe of the Hierophant
                  | {antimagic, rN+ Will+ SInv} (You found it on level 6 of the
                  | Dungeon)
 11512 | D:8      | Noticed Harold
 11565 | D:7      | Killed a rust devil
 11566 | D:7      | Reached skill level 5 in Staves
 11936 | D:8      | Killed Harold
 11936 | D:8      | Offered knowledge of Ignite Poison by Vehumet.
 11937 | D:8      | Reached skill level 9 in Conjurations
 11937 | D:8      | Reached XP level 10. HP: 69/69 MP: 11/19
 11941 | D:8      | Learned a level 3 spell: Ignite Poison
 12463 | D:8      | Found a broken altar of Ashenzari.
 13295 | D:9      | Noticed a queen ant
 13306 | D:10     | Entered Level 10 of the Dungeon
 13776 | D:9      | Reached **** piety under Vehumet
 13974 | D:9      | Offered knowledge of Bolt of Magma by Vehumet.
 14245 | D:10     | Reached ***** piety under Vehumet
 14251 | D:10     | Noticed a sixfirhy
 14253 | D:10     | Noticed a sixfirhy
 14259 | D:10     | Found an ancient bone altar of Kikubaaqudgha.
 14260 | D:10     | Offered knowledge of Lee's Rapid Deconstruction by Vehumet.
 14270 | D:10     | Slain by a sixfirhy

Illustrated notes

Levels and vault maps discovered:
D:1:      heliophobic_arrival_henge, layout_basic, kennysheep_nondescript
D:2:      layout_loops_ring, vehumet_crystals, skrybe_limestone_x
D:3:      layout_loops_ring, grunt_temple_overflow_diamond,
          gammafunk_ghost_arena, uniq_grinder
D:4:      layout_loops_corners, minmay_manual_mares, uniq_crazy_yiuf_cottage
D:5:      minmay_clustersquares, layout_rooms, nicolae_ru_sacrificial_ziggurat,
          temple_statues
D:6:      cheibrodos_iron_armory, layout_layer_cave
D:7:      layout_basic, lemuel_round_altar, hangedman_decor_points,
          nicolae_gozag_zags_fifth_avenue
D:8:      layout_cave_pools, old_standard_altar, kennysheep_generic_room_15,
          uniq_harold
D:9:      layout_rooms, good_gods_mini_temple, small_statue_intersection,
          zaba_antful_of_joy
D:10:     wander_kiku_kobolds, layout_rooms, david_lair_shrubbed,
          nicolae_trove_entry_crossroad
Temple:   minmay_temple_bridge_abc

Skill      XL: |  1  2  3  4  5  6  7  8  9 10 |
---------------+-------------------------------+-----
Dodging        | 2 |  2.2
Conjurations   | 5 6 7 9 |  9.9
Spellcasting   | 3 4 6 7 |  7.2
Translocations | 3 4 5 |  5.8
Fire Magic     | 2 4 6 8 |  8.5
Staves         | 1 3 5 6 |  6.0
Evocations     | 1 |  1.0
Air Magic      | 1 |  1.3
Poison Magic   | 1 |  1.3
Throwing       | |  0.5
Stealth        | |  1.7

Action                   |  1- 3 |  4- 6 |  7- 9 | 10-12 || total
-------------------------+-------+-------+-------+-------++-------
Melee: Unarmed           |    63 |    17 |     1 |       ||    81
       Tailslap          |     9 |     3 |    12 |     8 ||    32
       Quarterstaff      |       |       |    22 |       ||    22
       Staff             |       |       |   121 |    48 ||   169
 Cast: Magic Dart        |    32 |    12 |    22 |    23 ||    89
       Searing Ray       |    26 |    26 |    82 |    41 ||   175
       Iskenderun's Myst |       |     1 |    42 |    30 ||    73
       Foxfire           |       |       |     4 |       ||     4
       Mephitic Cloud    |       |       |     2 |     3 ||     5
       Fireball          |       |       |     2 |       ||     2
       Ignite Poison     |       |       |       |     3 ||     3
 Abil: Breathe Fire      |       |       |     1 |       ||     1
Evoke: Wand              |       |       |     4 |       ||     4
  Use: Scroll            |     2 |     8 |     9 |    10 ||    29
       Potion            |       |       |     6 |     2 ||     8
 Stab: Sleeping          |       |     1 |     1 |       ||     2
Armor: Skin              |    27 |     9 |   165 |    45 ||   246
Dodge: Dodged            |    45 |    22 |   153 |    76 ||   296
